 Dungeon Crawl Stone Soup version 0.27.0-1-g7a089689b8 (webtiles) character file.

Game seed: 6252841306164220903

18 Acheron the Skirmisher (level 2, -6/25 HPs)
             Began as a Minotaur Warper on Aug 1, 2021.
             Mangled by an orc priest (12 damage)
             ... on level 4 of the Dungeon.
             The game lasted 00:03:30 (897 turns).

Acheron the Skirmisher (Minotaur Warper)             Turns: 897, Time: 00:03:30

Health: -6/25      AC:  3    Str: 15    XL:     2   Next: 51%
Magic:  3/3        EV: 11    Int: 10    God:
Gold:   44         SH:  0    Dex:  9    Spells: 2/4 levels left

rFire    . . .     SeeInvis .   a - +1 hand axe
rCold    . . .     Faith    .   (no shield)
rNeg     . . .     Spirit   .   b - +0 leather armour
rPois    .         Reflect  .   (helmet restricted)
rElec    .         Harm     .   (no cloak)
rCorr    .         Rampage  .   (no gloves)
Will     .....                  (no boots)
Stlth    +.........             (no amulet)
HPRegen  0.08/turn              (no ring)
MPRegen  0.08/turn              (no ring)

@: no status effects
A: horns 2, retaliatory headbutt
a: no special abilities


You were on level 4 of the Dungeon.
You visited 1 branch of the dungeon, and saw 5 of its levels.

You collected 44 gold pieces.

Inventory:

Hand Weapons
 a - a +1 hand axe (weapon)
 h - a +0 hunting sling
Missiles
 d - 5 boomerangs of dispersal (quivered)
 e - 8 boomerangs
 i - 20 sling bullets
Armour
 b - a +0 leather armour (worn)
Scrolls
 c - a scroll of blinking
Potions
 f - a potion of degeneration {unknown}


   Skills:
 * Level 2.7 Fighting
 + Level 2.5 Axes
 + Level 1.1 Throwing
 * Level 1.4 Armour
 * Level 2.4 Dodging
 * Level 0.6 Stealth
 * Level 1.5 Spellcasting
 + Level 2.2 Translocations


You had 2 spell levels left.
You knew the following spells:

 Your Spells              Type           Power      Damage    Failure   Level
a - Blink                 Tloc           N/A        N/A       24%         2

Your spell library contained the following spells:

 Spells                   Type           Power      Damage    Failure   Level
 Gell's Gravitas          Tloc           2%         N/A       43%         3
 Lesser Beckoning         Tloc           2%         N/A       43%         3
 Teleport Other           Tloc           5%         N/A       43%         3
 Manifold Assault         Tloc           5%         N/A       99%         5


Dungeon Overview and Level Annotations

Branches:
Dungeon (5/15)
 Temple: D:4-7

Altars:


Innate Abilities, Weirdness & Mutations

You have a pair of horns on your head.
You reflexively headbutt those who attack you in melee.


Message History

There is a stone staircase leading up here.
You climb upwards.
There is a stone staircase leading down here.
You see here a rat corpse.
You see here a rat corpse.
A ball python comes into view.
You fall into a shaft and drop 2 floors!
The shaft crumbles and collapses.
Found a scroll labelled PONIKK IMPAORGH.
j - a scroll labelled PONIKK IMPAORGH
As you read the scroll labelled RYEZEFUQEMNUA, it crumbles to dust.
It is a scroll of enchant weapon.
Your +0 hand axe glows red for a moment.
As you read the scroll labelled PONIKK IMPAORGH, it crumbles to dust.
You feel aware of your surroundings.
It was a scroll of magic mapping.
Found 23 arrows.
A quokka comes into view.
Found 9 poisoned darts.
The quokka barely misses you.
You barely miss the quokka. The quokka barely misses you.
You furiously retaliate!
You headbutt the quokka.
You kill the quokka!
You see here a quokka corpse.
You see here 9 poisoned darts.
Found a leather armour.
You see here a +0 leather armour.
You see here a +0 leather armour.
An orc priest comes into view. It is wielding a +0 morningstar.
Found 30 stones.
You barely miss the orc priest. Your headbutt misses the orc priest.
The orc priest hits you with a +0 morningstar!
You completely miss the orc priest. You headbutt the orc priest.
The orc priest is lightly wounded.
The orc priest calls down the wrath of Beogh upon you.
Pain shoots through your body!
* * * LOW HITPOINT WARNING * * *
You closely miss the orc priest.
The orc priest is lightly wounded.
The orc priest hits you with a +0 morningstar!
You die...

######........(....#
...................#
.............†....(#
##################.#
,,,,,,,,,,,,,,,,,#.#
****************,#.#
,,,,,,,,,,,,,,,,,#.#
**,,,,,,,,,,,,####.###
,,,,,,,,,,,,,,+.@o...#
**,,,,,,,,,,,,####.#.#
,,,,,,,,,,,,,,,* #.#.#
**************,**#.#.#
,,,,,,,,,,,.(.o....#.#
,*********,.##.#####.#
,,,,,,,* *,,,*,* #.#
,*****,****,,*,* #.#
,* *,,,,,,,,,* #.#


You could see an orc priest.

Vanquished Creatures
  3 endoplasms (D:1)
  A giant cockroach (D:2)
  2 goblins
  A hobgoblin (D:2)
  2 jackals (D:1)
  A kobold (D:2)
  A quokka (D:4)
  A ball python (D:2)
  2 bats (D:2)
  2 rats
16 creatures vanquished.

Notes
Turn   | Place    | Note
-------+----------+-------------------------------------------
     0 | D:1      | Acheron the Minotaur Warper began the quest for the Orb.
     0 | D:1      | Reached XP level 1. HP: 18/18 MP: 1/1
   426 | D:2      | Reached XP level 2. HP: 24/25 MP: 3/3
   609 | D:2      | Learned a level 2 spell: Blink
   772 | D:5      | Entered Level 5 of the Dungeon
   814 | D:2      | You fall into a shaft and drop 2 floors!
   897 | D:4      | Mangled by an orc priest

Illustrated notes

Levels and vault maps discovered:
D:1:      roderic_crop_circles_arrival_small, layout_basic,
          shapermc_ecumenical_altar_pompeii, minmay_misc_feat_iff,
          bh_walls_and_bars
D:2:      layout_loops_ring, uniq_jessica
D:3:      cheibrodos_pilgrimage, layout_basic
D:4:      layout_basic, uniq_crazy_yiuf_cottage, uniq_pikel
D:5:      layout_loops_cross, uniq_prince_ribbit1

Action                   || total
-------------------------++-------
Melee: Hand axe          ||    37
       Headbutt          ||     3
  Use: Scroll            ||     2
 Stab: Sleeping          ||     1
Armor: Leather armour    ||    13
Dodge: Dodged            ||    23
